 Dungeon Crawl Stone Soup version 0.19.0-2-gae57169 (webtiles) character file.

27 lorenzova the Sneak (level 2, 11/13 HPs)
             Began as a Spriggan Enchanter on Nov 4, 2016.
             Quit the game on level 1 of the Dungeon.
             The game lasted 00:01:32 (884 turns).

lorenzova the Sneak (Spriggan Enchanter)             Turns: 884, Time: 00:01:33

Health: 11/13      AC:  3    Str:  4    XL:     2   Next: 93%
Magic:  7/7        EV: 16    Int: 16    God:
Gold:   99         SH:  0    Dex: 16    Spells: 2 memorised, 5 levels left

rFire  . . .     SeeInvis +     a - +1 dagger
rCold  . . .     Gourm    .     b - +1 robe
rNeg   . . .     Faith    .     (shield restricted)
rPois  .         Spirit   .     (helmet restricted)
rElec  .         Reflect  .     (no cloak)
rCorr  .         Harm     .     (gloves unavailable)
MR     .....                    (boots unavailable)
Stlth  +++.......               (no amulet)
                                (no ring)
                                (no ring)

@: heavily drained, very quick
A: unfitting armour, see invisible, herbivore 3, speed 3, slow metabolism 2
a: no special abilities


You were on level 1 of the Dungeon.
You were not hungry.

You visited 1 branch of the dungeon, and saw 2 of its levels.

You collected 99 gold pieces.

Inventory:

Hand Weapons
 a - a +1 dagger (weapon)
Armour
 b - a +1 robe (worn)
Scrolls
 f - a scroll of fear {unknown}
 g - 3 scrolls of identify {unknown}
 h - a scroll of remove curse {unknown}
 k - a scroll of magic mapping {unknown}
Potions
 e - a potion of degeneration {unknown}
 i - a potion of heal wounds {unknown}
 l - a potion of brilliance {unknown}
Books
 c - a book of Maledictions

   Spells                             Type                      Level
   a - Corona                         Hexes                        1
   b - Ensorcelled Hibernation        Hexes/Ice                    2
   c - Confuse                        Hexes                        3
   d - Tukima's Dance                 Hexes                        3
   e - Dazzling Spray                 Conjuration/Hexes            3
Comestibles
 d - 2 bread rations


   Skills:
 - Level 1.1(0.0) Short Blades
 - Level 3.0(1.3) Dodging
 + Level 5.3(3.5) Stealth
 + Level 3.5(1.8) Spellcasting
 + Level 3.8(2.1) Hexes


You had 5 spell levels left.
You knew the following spells:

 Your Spells              Type           Power        Failure   Level  Hunger
a - Corona                Hex            #......      10%         1    ##.....
b - Ensorcelled Hibernat  Hex/Ice        #.....       21%         2    ###....


Dungeon Overview and Level Annotations

Branches:
Dungeon (2/15)

Altars:


Innate Abilities, Weirdness & Mutations

You are very small and have problems with some larger weapons.
You are too small for most types of armour.
You have supernaturally acute eyesight. (SInv)
You are a herbivore.
You cover ground extremely quickly.
You need consume almost no food.


Message History

Drop what? 12/52 slots (_ for help) (? for menu, Esc to quit)
Really remove
j - an amulet of harm? [Y]es or [N]o only, please.
Really remove
j - an amulet of harm? [Y]es or [N]o only, please.
Really remove
j - an amulet of harm? [Y]es or [N]o only, please.
Really remove
j - an amulet of harm? [Y]es or [N]o only, please.
Really remove
j - an amulet of harm?
Okay, then.
Drop what? 12/52 slots (_ for help) (? for menu, Esc to quit)
Okay, then.
Drop what? 12/52 slots (_ for help) (? for menu, Esc to quit)
Really remove
j - an amulet of harm?
You remove your amulet of harm.
The amulet drains your life force as you remove it!
You feel drained.
You drop an uncursed amulet of harm.
Are you sure you want to abandon this character and quit the game? (Confirm with "yes".)

#.#.#.#.# #.#
#.#.#.#.# #.#
#.#.....# #.#
#.###.###
#.#### #.#
#.# #.....
#######.###†#
######
#)....#...#.#
#.##.####.#.#
#.#...†.@.#.#
#.#########.#
#...........#
#############


There were no monsters in sight!

Vanquished Creatures
  A dart slug (D:1)
  A ball python (D:1)
  4 bats (D:1)
  2 giant cockroaches (D:1)
  4 goblins (D:1)
  6 hobgoblins (D:1)
  3 rats (D:1)
21 creatures vanquished.

Notes
Turn   | Place    | Note
-------+----------+-------------------------------------------
     0 | D:1      | lorenzova the Spriggan Enchanter began the quest for the Orb.
     0 | D:1      | Reached XP level 1. HP: 9/9 MP: 5/5
   140 | D:1      | Reached XP level 2. HP: 12/13 MP: 7/7
   144 | D:1      | Learned a level 2 spell: Ensorcelled Hibernation
   492 | D:1      | Reached skill level 5 in Stealth
   884 | D:1      | Quit the game

Skill      XL: |  1  2 |
---------------+-------+-----
Spellcasting   | 3 |  3.5
Stealth        | 5 |  5.3
Short Blades   | |  1.1
Dodging        | |  3.0
Hexes          | |  3.8

Action                   || total
-------------------------++-------
Melee: Dagger            ||    88
 Cast: Ensorcelled Hiber ||     2
 Stab: Sleeping          ||     9
Armor: Robe              ||    10
Dodge: Dodged            ||    60
